 Dungeon Crawl Stone Soup version 0.31-a0-596-g831eee08f1 (webtiles) character file.

Game seed: 16517090099165500846

77 LynnLen the Ruffian (level 4, 0/36 HPs)
             Began as a Draconian Shapeshifter on Aug 21, 2023.
             Splashed by a jelly's acid (10 damage)
             ... on level 2 of the Dungeon.
             The game lasted 00:06:15 (1965 turns).

LynnLen the Ruffian (Draconian Shapeshifter)        Turns: 1965, Time: 00:06:16

Health: 0/36       AC: -3    Str: 23    XL:     4   Next: 14%
Magic:  4/4        EV: 12    Int: 11    God:
Gold:   77         SH:  0    Dex: 14    Spells: 3/3 levels left

rFire   . .          .
                       - Unarmed
rCold   . . .        (no shield)
rNeg    . . .        (body armour unavailable)
rPois   .            (helmet currently unavailable)
rElec   .            d - melded +0 cloak
rCorr   .            (gloves currently unavailable)
SInv    +            (boots currently unavailable)
Will    .....        (no amulet) Stlth
                     k - ring of flight
HPRegen 0.26/turn    l - ring "Ecwig" {Str+6 Int+3 SInv Stlth-}
MPRegen 0.09/turn

%: no passive effects
@: beast-form, corroded, flying
A: beast (slay +2), AC +5, unfitting armour, cold-blooded
a: Begin Untransformation


You were on level 2 of the Dungeon.
You were a hulking beast.
You visited 1 branch of the dungeon, and saw 2 of its levels.

You collected 77 gold pieces.

Inventory:

Armour
 d - a +0 cloak (melded)
Jewellery
 k - a ring of flight (left hand)
 l - the ring "Ecwig" (right hand) {Str+6 Int+3 SInv Stlth-}
   (You found it on level 2 of the Dungeon)

   [ring of strength]

   Str+6:     It affects your strength (+6).
   Int+3:     It affects your intelligence (+3).
   SInv:      It lets you see invisible.
   Stlth-:    It makes you less stealthy.
Talismans
 b - a beast talisman (active)
 c - a flux talisman
Scrolls
 n - a scroll of enchant weapon {unknown}
Potions
 a - a potion of lignification
 e - a potion of berserk rage
 f - a potion of curing {unknown}
 g - a potion of brilliance {unknown}
 h - a potion of enlightenment {unknown}
 i - a potion of ambrosia {unknown}
 j - a potion of might {unknown}
 m - a potion of magic {unknown}


   Skills:
 + Level 2.1 Fighting
 + Level 2.3 Dodging
 * Level 3.9 Unarmed Combat
 + Level 3.3 Shapeshifting


You had 3 spell levels left.
You didn't know any spells.
Your spell library was empty.

Dungeon Overview and Level Annotations

Branches:
Dungeon (2/15)

Altars:


Innate Abilities, Weirdness & Mutations

You are a hulking beast.
Your limbs bulge with bestial killing power. (Slay +2)
Your plain brown scales are hard. (AC +5)
You cannot fit into any form of body armour.
You are cold-blooded and may be slowed by cold attacks.


Message History

You are frozen.
You punch the endoplasm!
You kill the endoplasm!
You punch the endoplasm!
You kill the endoplasm!
The endoplasm misses you.
You see here a +0 dagger.
You punch the endoplasm!
You kill the endoplasm!
You start resting.
HP restored.
You start waiting.
An endoplasm comes into view.
A jelly comes into view.
You barely miss the endoplasm.
The jelly quivers.
Your tail-slap misses the endoplasm.
You barely miss the endoplasm. The endoplasm freezes you.
You are frozen.
You punch the endoplasm!
You kill the endoplasm!
The jelly barely misses you. The jelly attacks as it pursues you!
The jelly barely misses you.
You hit the jelly.
Your hands burn!
The jelly is heavily wounded.
The jelly misses you.
You hit the jelly.
Your hands burn!
The jelly is severely wounded.
The jelly hits you. The acid corrodes you!
You are splashed with acid.
You barely miss the jelly.
The jelly is severely wounded.
The jelly hits you. The acid corrodes you!
You are splashed with acid!
You hit the jelly.
Your hands burn!
The jelly is severely wounded.
An endoplasm comes into view.
The jelly hits you.
* * * LOW HITPOINT WARNING * * *
You are splashed with acid!
You die...

##.....##
##...#>....
#.......#
#.........
#...)...#
####...##.
#.......#
#......###
#.......#
#......##.
#....####
#......##.
#....'..##
#.........
########.#
#.........
#JJh)..##
#........#
#J#######
#........#
#..
##.......#
#..
###.......#
#..
#........##
#..
#........##
#รท.
#........##
#.P
#...##+####
###........


You could see a jelly and 2 endoplasms.

Vanquished Creatures
  A jelly (D:2)
  An adder (D:2)
  A worm (D:2)
  A dart slug (D:1)
  4 endoplasms (D:2)
  A goblin (D:1)
  A hobgoblin (D:1)
  5 ball pythons (D:1)
  A bat (D:1)
  3 frilled lizards
  9 kobolds
28 creatures vanquished.

Notes
Turn   | Place    | Note
-------+----------+-------------------------------------------
     0 | D:1      | LynnLen the Draconian Shapeshifter began the quest for the
                  | Orb.
     0 | D:1      | Reached XP level 1. HP: 16/16 MP: 1/1
   576 | D:1      | Reached XP level 2. HP: 23/23 MP: 2/2
  1621 | D:2      | Reached XP level 3. HP: 26/29 MP: 3/3
  1663 | D:2      | Identified the ring "Ecwig" {Str+6 Int+3 SInv Stlth-}
  1918 | D:2      | Reached XP level 4. HP: 31/36 MP: 4/4
  1965 | D:2      | Splashed by a jelly's acid

Illustrated notes

Levels and vault maps discovered:
D:1:      wander_arrival_lonely_grave, layout_basic
D:2:      cheibrodos_fertilizer, layout_basic, dreamdust_princess_corridor

Skill      XL: |  1  2  3 |
---------------+----------+-----
Dodging        | 2 |  2.3
Fighting       | 2 |  2.1
Unarmed Combat | |  3.9
Shapeshifting  | |  3.3

Action                     |  1- 3 |  4- 6 || total
---------------------------+-------+-------++-------
  Melee: Unarmed           |    64 |    11 ||    75
         Tailslap          |     7 |       ||     7
         Punch             |     1 |       ||     1
    Use: Scroll            |     1 |       ||     1
 Armour: Skin              |    27 |       ||    27
  Dodge: Dodged            |    32 |     4 ||    36
         Form:             |     5 |       ||     5
         Beast             |     5 |       ||     5
         Flux              |     1 |       ||     1

Table legend: (Time is in decaauts)
 A = Elapsed time spent in this place.
 B = Non-inter-level travel time spent in this place.
 C = Inter-level travel time spent in this place.
 D = Time resting spent in this place.
 E = Time spent auto-exploring this place.
 F = Levels seen in this place.
 G = Mean time per level.
                   A        B        C        D        E       F      G
               +--------+--------+--------+--------+--------+-----+--------+
         Total |   1958 |   1951 |      7 |    280 |    513 |   2 |  979.0 |
       Dungeon |   1958 |   1951 |      7 |    280 |    513 |   2 |  979.0 |
               +--------+--------+--------+--------+--------+-----+--------+

Top non-repeatable levels by time:
     D:1: 1044 daAuts
     D:2: 914 daAuts
